 Dungeon Crawl Stone Soup version 0.17.1-3-g152610e (console) character file.

103 Sehdowjr the Conjurer (level 4, -6/24 HPs)
             Began as a Deep Elf Conjurer on Mar 26, 2016.
             Mangled by Blork the orc
             ... wielding a +0 long sword
              (9 damage)
             ... on level 5 of the Dungeon.
             The game lasted 00:07:13 (1529 turns).

Sehdowjr the Conjurer (Deep Elf Conjurer)           Turns: 1529, Time: 00:07:13

Health: -6/24      AC:  2    Str:  5    XL:     4   Next: 51%
Magic:  2/12       EV: 13    Int: 21    God:
Gold:   74         SH:  0    Dex: 15    Spells: 2 memorised, 7 levels left

rFire  . . .     SeeInvis .     (no weapon)
rCold  . . .     Clarity  .     a - +0 robe
rNeg   . . .     SustAt   .     (no shield)
rPois  .         Gourm    .     (no helmet)
rElec  .         Spirit   .     (no cloak)
rCorr  .         Warding  .     (no gloves)
rMut   .         Stasis   .     (no boots)
MR     .....                    (no amulet)
Stlth  ++........               (no ring)
                                (no ring)

@: not resistant to hostile enchantments, unstealthy
A: no striking features
a: no special abilities


You were on level 5 of the Dungeon.
You were not hungry.

You visited 1 branch of the dungeon, and saw 4 of its levels.

You collected 74 gold pieces.

Inventory:

Armour
 a - a +0 robe (worn)
Scrolls
 d - 2 scrolls of identify {unknown}
 e - a scroll of fog {unknown}
 h - a scroll of amnesia {unknown}
 i - a scroll of recharging {unknown}
 k - a scroll of teleportation {unknown}
 p - a scroll of immolation {unknown}
Potions
 f - a potion of resistance {unknown}
 g - a potion of curing {unknown}
 j - a potion of haste {unknown}
 l - a potion of degeneration {unknown}
 m - a potion of lignification {unknown}
 r - a potion of magic {unknown}
Books
 b - a book of Conjurations

   Spells                             Type                      Level
   a - Magic Dart                     Conjuration                  1
   b - Searing Ray                    Conjuration                  2
   c - Dazzling Spray                 Conjuration/Hexes            3
   d - Fulminant Prism                Conjuration/Hexes            4
   e - Iskenderun's Mystic Blast      Conjuration                  4
   f - Iskenderun's Battlesphere      Conjuration/Charms           5
Comestibles
 c - 3 bread rations
 n - a meat ration
 q - a beef jerky


   Skills:
 - Level 2.5 Dodging
 - Level 2.4 Stealth
 + Level 4.6 Spellcasting
 + Level 5.8 Conjurations


You had 7 spell levels left.
You knew the following spells:

 Your Spells              Type           Power        Failure   Level  Hunger
a - Magic Dart            Conj           ####         1%          1    None
x - Iskenderun's Mystic   Conj           ####....     14%         4    ####...


Dungeon Overview and Level Annotations

Branches:
Dungeon (5/15)
 Temple: D:4-7

Altars:

Annotations:
D:5 Blork the orc


Message History

Aiming: Iskenderun's Mystic Blast
Press: ? - help, Shift-Dir - straight line, f/p - Blork the orc
Aim: Blork the orc, wielding a long sword and wearing a robe (heavily wounded)
The orb of energy hits Blork the orc.
Blork the orc is almost dead.
The orb of energy explodes!
Blork the orc points at you and mumbles some strange words.
The puff of flame misses you.
Casting: Iskenderun's Mystic Blast
Confirm with . or Enter, or press ? or * to list all spells.
You don't have enough magic to cast that spell.
Casting: Iskenderun's Mystic Blast
Confirm with . or Enter, or press ? or * to list all spells.
Aiming: Magic Dart
Press: ? - help, Shift-Dir - straight line, f/p - Blork the orc
Aim: Blork the orc, wielding a long sword and wearing a robe (severely wounded)
The magic dart hits Blork the orc.
Blork the orc is severely wounded.
Blork the orc hits you with a long sword!
You die...

##............
#...........
##......[.(.
##..##......
##..## ###..
##.####### ##
#.#####..###
#.###......#######
#.##..####...@...#
#....## #..o.....#
#....#
#...........
##..##
##..#####... ####
#### #.


You could see Blork the orc.

Vanquished Creatures
  Natasha (twice) (D:2)
  A gnoll (D:1)
  2 adders (D:2)
  2 worms (D:2)
  7 bats
  A giant cockroach (D:2)
  3 goblins
  3 hobgoblins
  2 jackals (D:1)
  3 giant geckos
  2 giant newts (D:2)
  5 kobolds
  4 rats
37 creatures vanquished.

Notes
Turn   | Place    | Note
--------------------------------------------------------------
     0 | D:1      | Sehdowjr the Deep Elf Conjurer began the quest for the Orb.
     0 | D:1      | Reached XP level 1. HP: 10/10 MP: 6/6
   169 | D:1      | Reached XP level 2. HP: 15/15 MP: 5/8
   410 | D:1      | Reached skill level 5 in Conjurations
   576 | D:1      | Reached XP level 3. HP: 19/19 MP: 1/10
   919 | D:2      | Noticed Natasha
   923 | D:2      | Killed Natasha
   951 | D:2      | Noticed Natasha
   953 | D:2      | Killed Natasha
   953 | D:2      | Reached XP level 4. HP: 20/24 MP: 8/12
   961 | D:2      | Learned a level 4 spell: Iskenderun's Mystic Blast
  1460 | D:3      | Found a faded altar to an unknown god.
  1480 | D:3      | You fall through a shaft for 2 floors!
  1480 | D:5      | Entered Level 5 of the Dungeon
  1506 | D:5      | Noticed Blork the orc
  1529 | D:5      | Mangled by Blork the orc

Action                   |  1- 3 |  4- 6 || total
-------------------------+-------+-------++-------
 Cast: Magic Dart        |    51 |    32 ||    83
       Iskenderun's Myst |       |     1 ||     1
  Eat: Chunk             |       |     2 ||     2
